 Dungeon Crawl Stone Soup version 0.20.1-1-g8b1a95d (webtiles) character file.

642403 Majang the Devastator (level 27, -4/215 HPs)
             Began as a Demonspawn Fighter on Sept 6, 2017.
             Was the Champion of Cheibriados.
             Killed from afar by an ancient lich (33 damage)
             ... with a bolt of lightning
             ... on level 3 of the Realm of Zot on Sept 12, 2017.
             The game lasted 09:45:59 (58804 turns).

Majang the Devastator (Demonspawn Fighter)         Turns: 58804, Time: 09:45:59

Health: -4/215     AC: 42    Str: 36    XL:     27
Magic:  0/42       EV: 22    Int: 38    God:    Cheibriados [******]
Gold:   4207       SH: 20    Dex: 31    Spells: 36/56 levels left

rFire    + + +     SeeInvis +   b - +9 war axe (vamp)
rCold    + + .     Gourm    .   e - +0 shield {rN+}
rNeg     + + +     Faith    .   u - +10 gold dragon scales
rPois    +         Spirit   +   s - +2 hat {Int+3}
rElec    .         Reflect  +   l - scarf {repulsion}
rCorr    .         Harm     .   G - +2 pair of gloves "Imaskas" {+Inv rPois rN++ Dex-2}
MR       ++++.                  (boots unavailable)
Stlth    ..........             B - amulet "Nunki" {Reflect MR+ Dex+2 SH+3 SInv}
Regen    8.5/turn               Z - ring "Ohorarye" {Fire rPois MR+ Int+3 Dex+2}
MPRegen  0.6/turn               X - +6 ring of slaying

@: repel missiles, very slow
A: claws 2, talons 3, iridescent scales 3, blink, cold resistance 2, fire
resistance 1, hurl damnation, powered by death 3, magic shield, magic
regeneration, magic link, no potion heal 1, flame cloud immunity, subdued magic
1
}: 3/15 runes: barnacled, silver, gossamer
a: Hurl Damnation, Blink, Bend Time, Temporal Distortion, Slouch, Step From
Time, Renounce Religion, Evoke Invisibility


You were on level 3 of the Realm of Zot.
You worshipped Cheibriados.
Cheibriados was exalted by your worship.
You were very hungry.

You visited 10 branches of the dungeon, and saw 48 of its levels.
You visited the Abyss 1 time.
You visited 1 bazaar.
You also visited: Labyrinth, Ice Cave, Volcano, Wizlab and Desolation.

You collected 7401 gold pieces.
You spent 3194 gold pieces at shops.

Inventory:

Hand Weapons
 a - a +9 broad axe of electrocution
 b - a +9 vampiric war axe (weapon)
Armour
 e - a +0 shield of positive energy (worn)
 l - a scarf of repulsion (worn)
 s - a +2 hat of intelligence (worn)
 u - +10 gold dragon scales (worn)
 G - the +2 pair of gloves "Imaskas" (worn) {+Inv rPois rN++ Dex-2}
   (You bought it in a shop on level 12 of the Dungeon)

   It affects your dexterity (-2).
   It protects you from poison.
   It greatly protects you from negative energy.
   It lets you turn invisible.
Jewellery
 B - the amulet "Nunki" (around neck) {Reflect MR+ Dex+2 SH+3 SInv}
   (You found it on level 3 of the Depths)

   [amulet of reflection]

   It shields you and reflects attacks.
   It affects your dexterity (+2).
   It affects your resistance to hostile enchantments.
   It lets you see invisible.
   It affects your SH (+3).
 O - an uncursed ring of resist corrosion
 X - a +6 ring of slaying (right hand)
 Y - the ring "Naede" {*Tele rElec MP+9 Dex+2}
   (You found it in the Desolation of Salt)

   [ring of teleportation]

   It may teleport you next to monsters.
   It affects your dexterity (+2).
   It insulates you from electricity.
   It affects your magic capacity (+9).
 Z - the ring "Ohorarye" (left hand) {Fire rPois MR+ Int+3 Dex+2}
   (You found it in the Desolation of Salt)

   [ring of fire]

   It enhances your fire magic.
   It affects your intelligence (+3).
   It affects your dexterity (+2).
   It protects you from fire.
   It makes you vulnerable to cold.
   It protects you from poison.
   It affects your resistance to hostile enchantments.
Wands
 c - a wand of clouds (3/9)
 f - a wand of acid (10/15)
 k - a wand of acid (15/15)
 o - a wand of iceblast (7/15)
 r - a wand of lightning (4/15)
 y - a wand of digging (12/24)
Scrolls
 q - 8 scrolls of recharging
 t - a scroll of silence
 x - 6 scrolls of immolation
 F - 25 scrolls of remove curse
 N - 35 scrolls of teleportation
 Q - 6 scrolls of fog
 R - 10 scrolls of blinking
 T - 5 scrolls of magic mapping
 V - 4 scrolls of identify
Potions
 d - 2 potions of cancellation
 g - 6 potions of might
 h - 2 potions of invisibility
 j - 9 potions of flight
 n - 26 potions of curing
 p - 8 potions of ambrosia
 w - a potion of resistance
 P - 7 potions of heal wounds
 W - 7 potions of agility
Miscellaneous
 I - a phantom mirror
Comestibles
 i - 21 royal jellies
 m - a chunk of flesh
 v - 2 bread rations
 z - 50 fruits
 C - a meat ration


   Skills:
 + Level 17.2 Fighting
 - Level 18.6 Axes
 + Level 15.7 Armour
 + Level 15.9 Dodging
 - Level 15.0 Shields
 + Level 15.4 Spellcasting
 + Level 19.2 Conjurations
 + Level 14.0 Translocations
 + Level 14.0 Earth Magic
 - Level 11.1 Invocations
 - Level 0.8 Evocations


You had 36 spell levels left.
You knew the following spells:

 Your Spells              Type           Power        Failure   Level  Hunger
a - Magic Dart            Conj           ####         0%          1    None
b - Iskenderun's Mystic   Conj           #######.     1%          4    None
c - Iron Shot             Conj/Erth      #######...   1%          6    None
d - Blink                 Tloc           N/A          1%          2    None
e - Stone Arrow           Conj/Erth      ######       1%          3    None
f - Apportation           Tloc           ######       1%          1    None
g - Lesser Beckoning      Tloc           #######...   1%          3    None


Dungeon Overview and Level Annotations

Branches:
Dungeon (15/15)            Temple (0/1) D:7            Lair (6/6) D:10
 Shoals (4/4) Lair:2       Spider (4/4) Lair:3        Slime (0/5) Lair:5
    Orc (2/2) D:12            Elf (3/3) Orc:2        Vaults (5/5) D:14
  Crypt (0/3) Vaults:3     Depths (5/5) D:15           Hell (1/1)
    Dis (0/7) Hell            Geh (0/7) Hell            Coc (0/7) Hell
    Tar (0/7) Hell            Zot (3/5) Depths:5

Altars:
Ashenzari
Cheibriados
Dithmenos
Fedhas
Gozag
Hepliaklqana
Kikubaaqudgha
Makhleb
Okawaru
Ru
Sif Muna
Xom
Yredelemnul
Zin
The Shining One
Beogh

Shops:
D:9 =   D:12 [   D:13 %   D:15 *   Orc:2 *:([   Elf:2 *[==   Vaults:4 [
Depths:1 (   Depths:3 (*

Portals:
Hell: Depths:1 Depths:2 Depths:3 Depths:4 Depths:5
Abyss: Depths:3 Depths:4
Pandemonium: Depths:2 Depths:3 Depths:4
Ziggurat: Depths:1

Annotations:
Lair:5 exclusion: 4 oklob plants


Innate Abilities, Weirdness & Mutations

You have claws for feet.
You are completely covered in iridescent scales. (AC +6)
Your flesh is heat resistant. (rF+)
You can hurl damnation.
You regenerate a lot of health from kills.
When hurt, damage is shared between your health and your magic reserves.
You regenerate magic rapidly.
When low on magic, you restore magic in place of health.
You are immune to clouds of flame.
You have very sharp fingernails.
You can translocate small distances at will.
Your flesh is very cold resistant. (rC++)
Potions are less effective at restoring your health.
Your spells are a little easier to cast, but a little less powerful.


Message History

The bolt of lightning hits the electric golem.
The electric golem completely resists.
You barely miss the ancient lich. You claw the ancient lich!!
The ancient lich is almost destroyed.
You hit the curse toe but do no damage. You block the ancient lich's attack.
The electric golem crackles and sizzles.
The electric golem hurls lightning at you.
The bolt of lightning misses you. x2
The bolt of lightning hits the electric golem.
The electric golem completely resists.
The flow of time bends around you.
The ancient lich is unaffected.
Cheibriados rebukes the curse toe.
The curse toe seems to slow down.
You feel slightly more hungry.
The electric golem crackles and sizzles.
The ancient lich conjures an orb of pure magic.
The wavering orb of destruction weakly hits you!
* * * LOW HITPOINT WARNING * * *
The ancient lich points at you and mumbles some strange words.
The bolt of lightning hits you!
You die...

##.# ##................... ##.#
###.................... .#.#
##....####.............. .#.##
###....## ##............. ....#
##......# #.............
#.?.###.......######.............
#.............##.''''''''''......
##............##.z'''''' '......
##..............@L''''') '......
...#.####.......)8''.... '.#....
....###..........'''..(. '###...
.................''')... '##..).
#...........#####'''.... '......
...#.....####


''''''' '...... ...##....# ')'†''' '.....# ...##....# ##''''''''''.....#
....#....## #..........####..# You could see an electric golem, an ancient lich
and a curse toe.

Vanquished Creatures
  2 orbs of fire
  2 ancient liches
  A juggernaut (Depths:5)
  Boris (Depths:4)
  A shard shrike (Zot:2)
  3 Killer Klowns
  Xtahua (Depths:4)
  10 golden dragons
  The ghost of Glorg the Slayer, a veteran GrGl of the Shining One (Vaults:5)
  Geryon (Hell)
  Nikola (Vaults:3)
  5 liches
  Jory (Vaults:5)
  A bone dragon (Depths:5)
  An electric golem (Zot:3)
  14 tentacled monstrosities
  4 titans
  A moon troll (WizLab)
  3 deep elf blademasters
  6 quicksilver dragons
  The ghost of nataq the Warrior, an adept DsFi of Cheibriados (Depths:3)
  2 deep elf master archers (Elf:3)
  3 death cobs
  A kraken (Shoals:1)
  Gastronok (Lair:1)
  5 tengu reavers
  6 sphinxes
  8 tentacled starspawn (WizLab)
  The ghost of Sanvar the Crack Shot, an adept CeHu of Okawaru (Lair:3)
  Roxanne (Spider:1)
  Ilsuiw (Shoals:4)
  12 shadow dragons
  8 fire giants
  4 storm dragons
  13 frost giants
  A draconian monk (Zot:1)
  3 orc warlords
  4 deep elf sorcerers
  3 draconian knights (Zot:3)
  2 iron dragons
  3 ghost moths
  5 imperial myrmidons (Desolation)
  21 vault wardens
  A cacodemon (WizLab)
  A balrug (Depths:5)
  4 deep elf elementalists
  5 draconian shifters
  A juggernaut zombie (Hell)
  11 emperor scorpions
  4 draconian scorchers
  2 draconian stormcallers
  2 entropy weavers
  3 draconian annihilators
  15 ironheart preservers
  A vampire knight (Depths:4)
  30 very ugly things
  22 stone giants
  7 deep elf annihilators
  3 war gargoyles
  10 deep elf demonologists
  6 black draconians
  15 spark wasps
  5 red draconians
  6 green draconians
  5 yellow draconians
  6 purple draconians
  8 white draconians
  14 ettins
  3 crystal guardians
  7 deep elf death magi
  A fire dragon (shapeshifter) (Vaults:3)
  2 blizzard demons (Hell)
  A minotaur (Lab)
  3 merfolk javelineers
  Josephine (D:10)
  A green death (Hell)
  A deep elf high priest (Elf:3)
  6 merfolk impalers
  8 ragged hierophants (Desolation)
  8 fire dragons
  11 yaktaur captains
  33 vault guards
  11 great orbs of eyes
  10 ice dragons
  A rakshasa (Vaults:3)
  7 peacekeepers (Desolation)
  A monstrous demonspawn (Depths:3)
  Harold (Orc:1)
  7 death knights
  An ice dragon (shapeshifter) (Depths:3)
  4 merfolk avatars
  5 hydras
  14 centaur warriors
  6 spriggan air magi
  40 two-headed ogres
  7 servants of whispers (Desolation)
  Erica (D:8)
  9 merfolk aquamancers
  2 tengu warriors (Depths:2)
  33 dancing weapons
  4 hell hogs (Hell)
  8 death yaks
  A satyr (Shoals:2)
  The ghost of Tutankhamun the Cruncher, a journeyman GrGl of Okawaru (Orc:2)
  14 ogre magi
  10 deep troll shamans
  9 deep troll earth magi
  2 vampire magi
  5 orc high priests
  3 spriggan berserkers (Depths:5)
  17 hell knights
  5 soul eaters (Hell)
  20 deep elf knights
  An iron golem (Hell)
  A wretched star (WizLab)
  5 sun demons
  Urug (Lair:4)
  6 iron trolls
  A sixfirhy (Depths:3)
  A fire crab (Lair:6)
  3 flayed ghosts
  7 sea snakes
  6 shadow wraiths
  11 skeletal warriors
  37 deep trolls
  2 unseen horrors
  2 spark wasp zombies (D:15)
  An orange crystal statue (WizLab)
  10 glowing orange brains
  An anaconda zombie (Hell)
  A golden dragon zombie (Hell)
  A kraken simulacrum (Hell)
  8 wizards
  12 deep elf archers
  6 phantasmal warriors
  80 deep elf magi
  22 ironbrand convokers
  A harpy (shapeshifter) (Elf:1)
  A wolf spider zombie (D:11)
  24 harpies
  5 necromancers
  A wolf spider (shapeshifter) (Vaults:5)
  15 orb spiders
  2 fire giant zombies (Hell)
  18 orc knights
  A mana viper (shapeshifter) (Vaults:1)
  10 manticores
  An oklob plant (Lair:1)
  9 orc sorcerers
  A stone giant zombie (Hell)
  27 wolf spiders
  A sphinx zombie (Hell)
  5 cyclopes
  A cyclops (shapeshifter) (Depths:1)
  14 fauns
  48 ugly things
  5 rust devils
  22 moths of wrath
  4 guardian serpents (Desolation)
  A frost giant skeleton (Depths:1)
  10 elephants
  9 black mambas
  11 merfolk sirens
  3 spriggan zombies
  2 smoke demons
  5 water nymphs
  3 gargoyles
  20 vault sentinels
  3 eyes of devastation (WizLab)
  4 torpor snails
  4 centaur skeletons
  An ice statue (IceCv)
  28 spiny frogs
  A hellion (Depths:3)
  55 yaktaurs
  A yaktaur (shapeshifter) (Vaults:1)
  7 rime drakes
  8 freezing wraiths
  8 komodo dragons
  A spiny frog (shapeshifter) (Vaults:4)
  7 ice devils (Hell)
  6 kobold demonologists
  19 demonic crawlers
  27 jumping spiders
  A polar bear (shapeshifter) (Depths:4)
  9 trolls
  7 meliai
  2 red devils (Hell)
  A troll (shapeshifter) (D:14)
  15 polar bears
  A meliai (shapeshifter) (D:13)
  2 hydra zombies (Hell)
  5 tengu conjurers
  5 tyrant leeches (Lair:6)
  4 wind drakes
  2 jumping spiders (shapeshifter)
  61 saltlings (Desolation)
  37 merfolk
  Grinder (D:5)
  An ettin zombie (Hell)
  9 hornets
  38 slime creatures
  A slime creature (shapeshifter) (D:15)
  A hippogriff (shapeshifter) (Depths:1)
  2 fire dragon zombies
  Prince Ribbit (D:6)
  6 snapping turtles
  47 blink frogs
  A deep troll zombie (Hell)
  3 dream sheep
  10 hippogriffs
  Sigmund (D:5)
  16 air elementals
  A vampire (D:13)
  3 tarantellas (shapeshifter)
  28 tarantellas
  3 spriggans (shapeshifter)
  16 water elementals
  11 wraiths
  3 hogs (D:7)
  4 wyverns
  2 redbacks (shapeshifter) (Vaults:5)
  48 redbacks
  7 fire bats (Volcano)
  A spriggan (Depths:5)
  An alligator skeleton (Hell)
  A wyvern (shapeshifter) (Vaults:5)
  66 yaks
  Eustachio (D:6)
  3 basilisks
  An elf zombie (Hell)
  A human (shapeshifter) (D:15)
  2 steam dragons
  5 fire elementals
  7 golden eyes (WizLab)
  A human (D:7)
  12 vampire mosquitoes
  3 neqoxecs
  Grum (D:11)
  A human simulacrum (Vaults:2)
  Menkaure (D:5)
  3 hungry ghosts
  A human zombie (D:15)
  Edmund (D:6)
  5 wargs
  A soldier ant (D:12)
  3 tengu zombies
  A water moccasin (shapeshifter) (Vaults:5)
  2 acid dragons
  15 water moccasins
  A spiny frog zombie (Hell)
  3 hydra simulacra
  Duvessa (D:4)
  2 floating eyes
  76 orc warriors
  2 spiny frog skeletons (Hell)
  3 hell hounds (Hell)
  15 porcupines
  A sky beast (shapeshifter) (Vaults:4)
  39 ogres
  2 black bears
  5 sky beasts
  4 starcursed masses (WizLab)
  A hornet zombie (D:15)
  4 ice beasts
  2 phantoms
  8 boggarts
  21 wolves
  31 centaurs
  7 crocodiles
  The ghost of Sanvar the Digger, an amateur HuEE (D:3)
  The ghost of letownia the Insei, an amateur OpTm (D:4)
  A yaktaur zombie (Hell)
  A big kobold (shapeshifter) (Vaults:5)
  13 big kobolds
  37 bullfrogs
  5 earth elementals
  A spiny frog simulacrum (Hell)
  A small abomination (Abyss:2)
  Dowan (D:4)
  4 scorpions
  A scorpion (shapeshifter) (Vaults:3)
  17 killer bees
  9 wights
  2 howler monkeys (D:5)
  4 electric eels
  9 crimson imps
  5 centaur zombies
  3 bullfrog zombies
  4 jellies
  9 lava snakes
  A wyvern simulacrum (D:12)
  13 hounds
  2 bullfrog skeletons (D:9)
  37 orc priests
  Crazy Yiuf (D:6)
  2 iron imps (Hell)
  5 iguanas
  7 hell rats (Hell)
  32 orc wizards
  10 worker ants
  A hound skeleton (D:6)
  A gnoll (D:9)
  2 howler monkey skeletons
  13 adders
  3 shadow imps
  2 white imps (D:12)
  3 ufetubi
  3 oozes
  An adder zombie (D:9)
  4 worms
  A dart slug (D:1)
  3 leopard geckos
  146 orcs
  11 giant cockroaches
  7 goblins
  10 hobgoblins
  6 jackals
  24 kobolds
  7 quokkas
  3 ball pythons
  3 bats
  11 frilled lizards
  2 gnoll zombies (D:6)
  A jackal skeleton (D:5)
  6 rats
  A bush (Lair:1)
  18 fungi
  30 plants
  12 starspawn tentacles (WizLab)
  3 tentacles (Shoals:1)
2748 creatures vanquished.

Vanquished Creatures (others)
  A curse toe (Zot:3)
  A storm dragon (Zot:2)
  2 fire giants (Depths:4)
  An emperor scorpion (Spider:2)
  3 stone giants
  A very ugly thing (Vaults:5)
  A merfolk javelineer (Shoals:4)
  3 yaktaur captains
  2 centaur warriors
  A catoblepas (D:9)
  A sun demon (Depths:3)
  A deep elf knight (Vaults:5)
  2 deep elf archers
  A manticore (Shoals:2)
  A cyclops (Shoals:2)
  6 yaktaurs
  A kobold demonologist (D:14)
  A hornet (Spider:4)
  A slime creature (D:15)
  A dream sheep (Shoals:2)
  An orc warrior (Orc:2)
  3 centaurs
  An orc wizard (Orc:1)
  A worker ant (D:9)
  3 butterflies (Lair:5)
  32 fungi
  22 plants
  13 starspawn tentacles (WizLab)
  7 tentacles
115 creatures vanquished.

Grand Total: 2863 creatures vanquished

Notes
Turn   | Place    | Note
-------+----------+-------------------------------------------
     0 | D:1      | Majang the Demonspawn Fighter began the quest for the Orb.
     0 | D:1      | Reached XP level 1. HP: 18/18 MP: 1/1
   360 | D:1      | Gained mutation: You are partially covered in iridescent scales. (AC +2) [demonic ancestry]
   360 | D:1      | Reached XP level 2. HP: 24/24 MP: 2/2
   846 | D:2      | Gained mutation: You regenerate a little health from kills. [demonic ancestry]
   846 | D:2      | Reached XP level 3. HP: 27/29 MP: 3/3
  1069 | D:2      | Gained mutation: You regenerate health from kills. [demonic ancestry]
  1069 | D:2      | Reached XP level 4. HP: 27/37 MP: 4/4
  1170 | D:2      | Found a shimmering altar of Xom.
  1172 | D:2      | Found a shimmering altar of Xom.
  1369 | D:2      | Found a shimmering altar of Xom.
  1375 | D:2      | Found a shimmering altar of Xom.
  1845 | D:3      | Found a snail-covered altar of Cheibriados.
  1853 | D:3      | Became a worshipper of Cheibriados the Contemplative
  1884 | D:3      | Noticed Sanvar's ghost (amateur HuEE)
  1893 | D:3      | Killed Sanvar's ghost
  1893 | D:3      | Reached skill level 1 in Invocations
  1893 | D:3      | Reached XP level 5. HP: 14/42 MP: 5/5
  2058 | D:3      | Found a glowing silver altar of Zin.
  2066 | D:3      | Found a burning altar of Makhleb.
  2068 | D:3      | Found a glowing golden altar of the Shining One.
  2068 | D:3      | Found a shadowy altar of Dithmenos.
  2070 | D:3      | Found a deep blue altar of Sif Muna.
  2071 | D:3      | Found a shattered altar of Ashenzari.
  2114 | D:3      | Found an opulent altar of Gozag.
  2438 | D:3      | Reached skill level 1 in Dodging
  2463 | D:2      | Found a hazy altar of Hepliaklqana.
  2820 | D:4      | Noticed Dowan
  2834 | D:4      | Killed Dowan
  2834 | D:4      | Gained mutation: You are mostly covered in iridescent scales. (AC +4) [demonic ancestry]
  2834 | D:4      | Reached XP level 6. HP: 19/49 MP: 7/7
  2838 | D:4      | Noticed Duvessa
  2848 | D:4      | Killed Duvessa
  3083 | D:4      | Reached * piety under Cheibriados
  3180 | D:4      | Gained mutation: When hurt, damage is shared between your health and your magic reserves. [demonic ancestry]
  3180 | D:4      | Reached XP level 7. HP: 39/55 MP: 7/9
  3818 | D:4      | Noticed letownia's ghost (amateur OpTm)
  3832 | D:4      | Killed letownia's ghost
  3832 | D:4      | Reached skill level 5 in Axes
  3840 | D:5      | Entered Level 5 of the Dungeon
  3919 | D:5      | Found a sacrificial altar of Ru.
  3932 | D:5      | Learned a level 1 spell: Magic Dart
  3974 | D:5      | Noticed Grinder
  3980 | D:5      | Reached ** piety under Cheibriados
  3989 | D:5      | Paralysed by Grinder for 3 turns
  3999 | D:5      | Killed Grinder
  3999 | D:5      | Reached skill level 5 in Fighting
  3999 | D:5      | Reached XP level 8. HP: 40/62 MP: 9/10
  4036 | D:5      | Reached skill level 1 in Conjurations
  4117 | D:5      | Reached skill level 1 in Spellcasting
  4301 | D:5      | Noticed Sigmund
  4312 | D:5      | Killed Sigmund
  4392 | D:5      | Reached skill level 2 in Conjurations
  4549 | D:5      | Noticed Menkaure
  4555 | D:5      | Killed Menkaure
  4778 | D:5      | Found an ancient bone altar of Kikubaaqudgha.
  5116 | D:6      | Noticed Eustachio
  5149 | D:6      | Killed Eustachio
  5202 | D:6      | Gained mutation: You regenerate magic rapidly. [demonic ancestry]
  5202 | D:6      | Reached XP level 9. HP: 68/68 MP: 12/12
  5599 | D:6      | Found a blossoming altar of Fedhas.
  5611 | D:6      | Noticed Edmund
  5631 | D:6      | Killed Edmund
  5631 | D:6      | Reached skill level 5 in Invocations
  5763 | D:6      | Noticed Prince Ribbit
  5826 | D:6      | Reached *** piety under Cheibriados
  5884 | D:6      | Found a basalt altar of Yredelemnul.
  6067 | D:6      | Found a runed door.
  6071 | D:6      | Noticed Crazy Yiuf
  6082 | D:6      | Killed Crazy Yiuf
  6130 | D:6      | Killed Prince Ribbit
  6130 | D:6      | Reached skill level 3 in Conjurations
  6546 | D:7      | Found a staircase to the Ecumenical Temple.
  6610 | D:7      | Reached skill level 5 in Shields
  7145 | D:7      | Reached XP level 10. HP: 75/76 MP: 14/14
  7196 | D:7      | Reached **** piety under Cheibriados
  7203 | D:7      | Reached skill level 5 in Armour
  7509 | D:8      | Noticed Erica
  7528 | D:8      | Killed Erica
  7528 | D:8      | Reached skill level 4 in Conjurations
  7766 | D:9      | Found Jasoggod's Jewellery Emporium.
  7976 | D:9      | Found an iron altar of Okawaru.
  8118 | D:9      | Reached skill level 5 in Dodging
  8141 | D:9      | Noticed a wizard
  8141 | D:9      | Noticed a catoblepas
  8142 | D:9      | Noticed a gargoyle
  8143 | D:9      | Noticed a centaur warrior
  8152 | D:9      | Killed a catoblepas
  8154 | D:9      | Cast into level 2 of the Abyss (a wizard)
  8159 | Abyss:2  | Noticed a smoke demon
  8166 | Abyss:2  | Killed a smoke demon
  8198 | D:9      | Escaped the Abyss
  8211 | D:9      | Killed a centaur warrior
  8211 | D:9      | Reached XP level 11. HP: 41/83 MP: 14/17
  8234 | D:9      | Killed a wizard
  8253 | D:9      | Got a sparkling pewter ring
  8254 | D:9      | Identified the ring "Layneh" {-Tele rPois rN+ Dex+5} (You found it on level 9 of the Dungeon)
  8259 | D:9      | Got a scorched graven amulet
  8260 | D:9      | Got a slimy morningstar
  8261 | D:9      | Identified the amulet of Ophuvas {Harm *Drain rElec MP+9 Str-3} (You found it on level 9 of the Dungeon)
  8262 | D:9      | Identified the +9 morningstar of Foud {crush, +Blink} (You found it on level 9 of the Dungeon)
  8269 | D:9      | Identified the Volume of the Frostbite and Necromancy
  8722 | D:9      | Bought the ring "Ehe Xixi" {rPois Str+4} for 531 gold pieces
  8829 | D:10     | Entered Level 10 of the Dungeon
  8975 | D:10     | Reached ***** piety under Cheibriados
  8990 | D:10     | Noticed Josephine
  9006 | D:10     | Killed Josephine
  9028 | D:10     | Reached skill level 5 in Conjurations
  9193 | D:10     | Noticed a two-headed ogre
  9216 | D:10     | Killed a two-headed ogre
  9216 | D:10     | Reached skill level 5 in Spellcasting
  9374 | D:10     | Noticed a two-headed ogre
  9381 | D:10     | Killed a two-headed ogre
  9419 | D:10     | Found a staircase to the Lair.
  9463 | Lair:1   | Entered Level 1 of the Lair of Beasts
  9466 | Lair:1   | Noticed Gastronok
  9590 | Lair:1   | Killed Gastronok
  9590 | Lair:1   | Reached XP level 12. HP: 89/92 MP: 19/19
  9617 | Lair:1   | Identified a scroll of acquirement
  9696 | Lair:1   | Found a frozen archway.
  9702 | IceCv    | Entered an ice cave
  9781 | IceCv    | Noticed a death yak
  9797 | IceCv    | Killed a death yak
  9871 | IceCv    | Reached skill level 6 in Conjurations
 10161 | IceCv    | Noticed a death yak
 10169 | IceCv    | Killed a death yak
 10170 | IceCv    | Reached skill level 10 in Axes
 10231 | IceCv    | Noticed a frost giant
 10238 | IceCv    | Killed a frost giant
 10238 | IceCv    | Reached ****** piety under Cheibriados
 10238 | IceCv    | Reached skill level 10 in Invocations
 10258 | IceCv    | Reached XP level 13. HP: 99/99 MP: 22/22
 10275 | IceCv    | Identified Sif Muna's Grimoire of Cold
 10279 | IceCv    | Got a twisted chain mail
 10280 | IceCv    | Identified the +3 chain mail "Koratzu" {rN+} (You found it in an ice cave)
 10354 | Lair:1   | Found a blossoming altar of Fedhas.
 11271 | Lair:2   | Found a dark tunnel.
 11278 | Volcano  | Entered a volcano
 11429 | Volcano  | Reached skill level 7 in Conjurations
 11646 | Volcano  | Found a burning altar of Makhleb.
 11706 | Volcano  | Found a radiant altar of Vehumet.
 12350 | Lair:2   | Found a staircase to the Shoals.
 12648 | Lair:2   | Gained mutation: You evolve. [potion of mutation]
 12648 | Lair:2   | Gained mutation: You are clumsy. (Dex -2) [potion of mutation]
 12648 | Lair:2   | Lost mutation: You are clumsy. (Dex -2) [potion of mutation]
 12653 | Lair:2   | Reached XP level 14. HP: 108/108 MP: 24/24
 12731 | Lair:3   | Noticed Sanvar's ghost (adept CeHu)
 12743 | Lair:3   | Killed Sanvar's ghost
 12894 | Lair:3   | Found a hole to the Spider Nest.
 13032 | Lair:3   | Gained mutation: You are completely covered in iridescent scales. (AC +6) [evolution]
 13521 | Lair:4   | Noticed Urug
 13533 | Lair:4   | Killed Urug
 13558 | Lair:4   | Gained mutation: You have sharp toenails. [demonic ancestry]
 13558 | Lair:4   | Reached XP level 15. HP: 109/114 MP: 25/25
 14197 | Lair:5   | Reached skill level 8 in Conjurations
 14555 | Lair:5   | Found a staircase to the Slime Pits.
 15224 | Lair:2   | Learned a level 4 spell: Iskenderun's Mystic Blast
 15231 | Lair:2   | Learned a level 6 spell: Iron Shot
 15379 | Lair:6   | Entered Level 6 of the Lair of Beasts
 15443 | Lair:6   | Reached skill level 1 in Earth Magic
 15480 | Lair:6   | Learned a level 2 spell: Blink
 15691 | Lair:6   | Reached skill level 1 in Translocations
 15715 | Lair:6   | Reached skill level 10 in Fighting
 16095 | Lair:6   | Got a faintly humming ring mail
 16096 | Lair:6   | Identified the +3 ring mail of Subjectivity {Dex+3 SInv} (You found it on level 6 of the Lair of Beasts)
 16746 | D:11     | Noticed Grum
 16759 | D:11     | Killed Grum
 17095 | D:11     | Gained mutation: You are robust. (+10% HP) [evolution]
 17459 | D:12     | Found Fatac's Armour Shoppe.
 17468 | D:12     | Found a staircase to the Orcish Mines.
 17528 | D:12     | Found a labyrinth entrance.
 17534 | Lab      | Entered a labyrinth
 17866 | Lab      | Got a fine buckler
 17907 | Lab      | Identified the cursed +0 buckler of Noughts and Crosses {rF+} (You took it off a minotaur in a labyrinth)
 17924 | D:12     | Mutation became permanent: You are mostly covered in iridescent scales. (AC +4) [demonic ancestry]
 17924 | D:12     | Gained mutation: You are completely covered in iridescent scales. (AC +6) [demonic ancestry]
 17924 | D:12     | Reached XP level 16. HP: 129/134 MP: 28/28
 18056 | D:12     | Reached skill level 9 in Conjurations
 18113 | D:12     | Bought the +2 pair of gloves "Imaskas" {+Inv rPois rN++ Dex-2} for 546 gold pieces
 18370 | D:12     | Found a roughly hewn altar of Beogh.
 19531 | Orc:1    | Entered Level 1 of the Orcish Mines
 19531 | Orc:1    | Noticed Harold
 19543 | Orc:1    | Killed Harold
 19758 | Orc:1    | Gained mutation: Your body sometimes deteriorates upon taking damage. [evolution]
 19995 | Orc:2    | Entered Level 2 of the Orcish Mines
 20049 | Orc:2    | Found a staircase to the Elven Halls.
 20058 | Orc:2    | Found Woyqogoo's Book Emporium.
 20144 | Orc:2    | Found Uwnixt's Antique Armour Emporium.
 20428 | Orc:2    | Found Plog's Antique Weapon Emporium.
 20570 | Orc:2    | Noticed Tutankhamun's ghost (journeyman GrGl)
 20588 | Orc:2    | Killed Tutankhamun's ghost
 20590 | Orc:2    | Found Siadunas's General Store.
 20658 | Orc:2    | Bought a scroll of enchant armour for 97 gold pieces
 21314 | Spider:1 | Entered Level 1 of the Spider Nest
 21395 | Spider:1 | Noticed Roxanne
 21422 | Spider:1 | Killed Roxanne
 21429 | Spider:1 | Identified Roxanne's Incunabulum of the Mountains (You took it off Roxanne on level 1 of the Spider Nest)
 21435 | Spider:1 | Learned a level 3 spell: Stone Arrow
 22826 | Spider:2 | Gained mutation: You have razor-sharp toenails. [demonic ancestry]
 22826 | Spider:2 | Reached XP level 17. HP: 143/143 MP: 29/29
 23690 | Spider:3 | Gained mutation: You have sharp fingernails. [evolution]
 24485 | Spider:3 | Reached skill level 10 in Conjurations
 24898 | Spider:4 | Entered Level 4 of the Spider Nest
 24932 | Spider:4 | Reached skill level 10 in Armour
 24938 | Spider:4 | Reached skill level 10 in Dodging
 25117 | Spider:4 | Reached skill level 5 in Earth Magic
 25226 | Spider:4 | Reached skill level 5 in Translocations
 25370 | Spider:4 | Reached skill level 10 in Shields
 25626 | Spider:4 | Got a gossamer rune of Zot
 25884 | Shoals:1 | Entered Level 1 of the Shoals
 25963 | Shoals:1 | Noticed a kraken
 25973 | Shoals:1 | Killed a kraken
 26090 | Shoals:1 | Gained mutation: You have claws for feet. [demonic ancestry]
 26090 | Shoals:1 | Reached XP level 18. HP: 148/151 MP: 31/31
 26230 | Shoals:1 | Gained mutation: You are agile. (Dex +2) [evolution]
 26798 | Shoals:2 | Reached skill level 15 in Axes
 27482 | Shoals:3 | Gained mutation: Scrolls take you a little longer to read. [a Zot trap]
 27639 | Shoals:4 | Entered Level 4 of the Shoals
 27995 | Shoals:4 | Reached skill level 11 in Conjurations
 28008 | Shoals:4 | Got a barnacled rune of Zot
 28084 | Shoals:4 | Lost mutation: Scrolls take you a little longer to read. [evolution]
 28115 | Shoals:4 | Noticed Ilsuiw
 28149 | Shoals:4 | Killed Ilsuiw
 28453 | Shoals:4 | Reached skill level 10 in Spellcasting
 29067 | D:13     | Gained mutation: You are very robust. (+20% HP) [mutagenic meat]
 29068 | D:13     | Gained mutation: Your spells are a little harder to cast, but a little more powerful. [mutagenic meat]
 29110 | D:13     | Found Qitwel's Food Shoppe.
 29470 | D:13     | Gained mutation: Your flesh is heat resistant. (rF+) [demonic ancestry]
 29470 | D:13     | Reached XP level 19. HP: 175/175 MP: 33/33
 30079 | D:14     | Found a gate to the Vaults.
 30321 | D:15     | Entered Level 15 of the Dungeon
 30346 | D:15     | Found Poesit's Changing Room.
 30800 | D:15     | Found a staircase to the Depths.
 31688 | Elf:1    | Entered Level 1 of the Elven Halls
 31779 | Elf:1    | Found a flickering gateway to a bazaar.
 31795 | Bazaar   | Entered a bazaar
 31796 | Bazaar   | Found Riji's Distillery.
 31801 | Bazaar   | Found Xoigg's Weapon Shoppe.
 31803 | Bazaar   | Bought a potion of might for 52 gold pieces
 31803 | Bazaar   | Bought a potion of might for 52 gold pieces
 31803 | Bazaar   | Bought a potion of mutation for 104 gold pieces
 31803 | Bazaar   | Bought a potion of mutation for 104 gold pieces
 31803 | Bazaar   | Bought a potion of curing for 39 gold pieces
 31803 | Bazaar   | Bought a potion of curing for 39 gold pieces
 31803 | Bazaar   | Bought a potion of curing for 39 gold pieces
 31806 | Bazaar   | Found Anlexoh's Jewellery Shoppe.
 31814 | Bazaar   | Found Alafack's Antique Weapon Shop.
 31820 | Bazaar   | Found Zituotuc's Assorted Antiques.
 31822 | Bazaar   | Bought a glowing broad axe for 196 gold pieces
 31828 | Bazaar   | Bought a scroll of teleportation for 60 gold pieces
 31828 | Bazaar   | Bought a potion of flight for 60 gold pieces
 31828 | Bazaar   | Bought a potion of brilliance for 80 gold pieces
 31828 | Bazaar   | Bought a scroll of enchant armour for 150 gold pieces
 31882 | Elf:1    | Found a ruined gateway.
 31893 | Desolati | Entered the Desolation of Salt
 32315 | Desolati | Identified the Volume of Damaging Beguiling
 32408 | Desolati | Lost mutation: Your body sometimes deteriorates upon taking damage. [evolution]
 32814 | Desolati | Got a crude golden ring
 32816 | Desolati | Got an ancient bronze ring
 32824 | Desolati | Identified the ring "Ohorarye" {Fire rPois MR+ Int+3 Dex+2} (You found it in the Desolation of Salt)
 32825 | Desolati | Identified the ring "Naede" {*Tele rElec MP+9 Dex+2} (You found it in the Desolation of Salt)
 32958 | Desolati | Got a pitted bone ring
 32966 | Desolati | Got a scorched ruby amulet
 33156 | Elf:1    | Identified the amulet of Huogag {*Slow +Rage rC+++ Int+7 SInv} (You found it in the Desolation of Salt)
 33161 | Elf:1    | Identified the ring of Dikir {*Corrode +Fly Str+2 Stlth-} (You found it in the Desolation of Salt)
 33314 | Elf:1    | Reached skill level 12 in Conjurations
 33756 | Elf:1    | Reached XP level 20. HP: 142/186 MP: 19/34
 34418 | Elf:2    | Found Eklo Waar's Antique Armour Boutique.
 34447 | Elf:2    | Found Jari's Jewellery Shop.
 34449 | Elf:2    | Bought a shimmering plate armour for 784 gold pieces
 34459 | Elf:2    | Identified the +5 plate armour "Evyav" {+Fly rC+ Int-2} (You bought it in a shop on level 2 of the Elven Halls)
 34475 | Elf:2    | Found Gura's Jewellery Shoppe.
 34674 | Elf:2    | Found Hulua's General Store.
 34722 | Elf:2    | Found a runed gate.
 34722 | Elf:2    | Found a runed gate.
 34723 | Elf:2    | Found a runed gate.
 35581 | Elf:2    | Gained mutation: You possess an exceptional clarity of mind. [evolution]
 36103 | Vaults:1 | Entered Level 1 of the Vaults
 37587 | Vaults:2 | Reached XP level 21. HP: 170/194 MP: 32/36
 38689 | Vaults:3 | Reached skill level 13 in Conjurations
 39053 | Vaults:3 | Noticed Nikola
 39059 | Vaults:3 | Killed Nikola
 39181 | Vaults:3 | Found a staircase to the Crypt.
 39181 | Vaults:3 | Found a basalt altar of Yredelemnul.
 39182 | Vaults:3 | Found an ancient bone altar of Kikubaaqudgha.
 39819 | Vaults:3 | Gained mutation: Your flesh is cold resistant. (rC+) [evolution]
 40290 | Vaults:4 | Gained mutation: You are immune to clouds of flame. [demonic ancestry]
 40290 | Vaults:4 | Reached XP level 22. HP: 182/205 MP: 29/37
 40396 | Vaults:4 | Found Ideuwnud's Armour Shop.
 41501 | Depths:1 | Entered Level 1 of the Depths
 41585 | Depths:1 | Found a gateway to Hell.
 41750 | Depths:1 | Found Anaom's Weapon Shop.
 41980 | Depths:1 | Found a gateway to a ziggurat.
 42784 | Depths:2 | Paralysed by a lich for 5 turns
 42993 | Depths:2 | Reached skill level 10 in Translocations
 43049 | Depths:2 | Reached skill level 10 in Earth Magic
 43194 | Depths:2 | Found a one-way gate leading to the halls of Pandemonium.
 43208 | Depths:2 | Lost mutation: You are agile. (Dex +2) [evolution]
 43272 | Hell     | Entered the Vestibule of Hell
 43272 | Hell     | Noticed Geryon
 43296 | Hell     | Killed Geryon
 43427 | Hell     | Noticed an ancient lich
 43445 | Hell     | Killed an ancient lich
 43445 | Hell     | Reached XP level 23. HP: 144/213 MP: 29/39
 43448 | Hell     | Found a gateway to the decaying netherworld of Tartarus.
 43633 | Hell     | Reached skill level 14 in Conjurations
 43672 | Hell     | Found a gateway to the freezing wastes of Cocytus.
 43850 | Hell     | Found a gateway to the Iron City of Dis.
 43922 | Hell     | Found a gateway to the ashen valley of Gehenna.
 45195 | Depths:3 | Gained mutation: Scrolls take you a little longer to read. [a neqoxec]
 45195 | Depths:3 | Gained mutation: Scrolls take you longer to read. [a neqoxec]
 45257 | Depths:3 | Found Ciffyn's Antique Weapon Boutique.
 45261 | Depths:3 | Bought a glowing war axe for 201 gold pieces
 45264 | Depths:3 | Found Rolepp's Assorted Antiques.
 45270 | Depths:3 | Bought a scroll of identify for 60 gold pieces
 45692 | Depths:3 | Noticed nataq's ghost (adept DsFi)
 45708 | Depths:3 | Killed nataq's ghost
 45735 | Depths:3 | Found a one-way gate to the infinite horrors of the Abyss.
 45736 | Depths:3 | Paralysed by a floating eye for 2 turns
 45880 | Depths:3 | Got a slimy bronze amulet
 45883 | Depths:3 | Identified the amulet "Nunki" {Reflect MR+ Dex+2 SH+3 SInv} (You found it on level 3 of the Depths)
 46210 | Hell     | Lost mutation: You are very robust. (+20% HP) [potion of mutation]
 46210 | Hell     | Lost mutation: Scrolls take you longer to read. [potion of mutation]
 46210 | Hell     | Gained mutation: You are resistant to hostile enchantments. (MR+) [potion of mutation]
 46210 | Hell     | Gained mutation: You are dopey. (Int -2) [potion of mutation]
 46210 | Hell     | Gained mutation: Your muscles are strong. (Str +2) [potion of mutation]
 46210 | Hell     | Gained mutation: Your flesh is very cold resistant. (rC++) [potion of mutation]
 46211 | Hell     | Lost mutation: You are dopey. (Int -2) [potion of mutation]
 46211 | Hell     | Lost mutation: You evolve. [potion of mutation]
 46211 | Hell     | Lost mutation: Your spells are a little harder to cast, but a little more powerful. [potion of mutation]
 46211 | Hell     | Lost mutation: You possess an exceptional clarity of mind. [potion of mutation]
 46211 | Hell     | Lost mutation: You are robust. (+10% HP) [potion of mutation]
 46211 | Hell     | Gained mutation: You have very sharp fingernails. [potion of mutation]
 46212 | Hell     | Lost mutation: You are resistant to hostile enchantments. (MR+) [potion of mutation]
 46212 | Hell     | Lost mutation: Your muscles are strong. (Str +2) [potion of mutation]
 46212 | Hell     | Lost mutation: Scrolls take you a little longer to read. [potion of mutation]
 46212 | Hell     | Gained mutation: You can translocate small distances at will. [potion of mutation]
 46212 | Hell     | Gained mutation: Your spells are a little easier to cast, but a little less powerful. [potion of mutation]
 46212 | Hell     | Gained mutation: You are robust. (+10% HP) [potion of mutation]
 46802 | Depths:4 | Noticed Boris
 46815 | Depths:4 | Killed Boris
 47216 | Depths:4 | Reached XP level 24. HP: 204/204 MP: 32/39
 47274 | Depths:4 | Noticed Xtahua
 47278 | Depths:4 | Killed Xtahua
 47787 | Depths:5 | Entered Level 5 of the Depths
 47841 | Depths:5 | Reached skill level 15 in Conjurations
 47930 | Depths:5 | Noticed a juggernaut
 47938 | Depths:5 | Killed a juggernaut
 48078 | Depths:5 | Reached skill level 15 in Fighting
 48328 | Depths:5 | Found a gate to the Realm of Zot.
 49424 | Elf:3    | Entered Level 3 of the Elven Halls
 49524 | Elf:3    | Found a magical portal.
 49528 | WizLab   | Entered Lehudib's Moon Base
 49741 | WizLab   | Reached skill level 16 in Conjurations
 49766 | WizLab   | Paralysed by accursed screaming for 1 turns
 50129 | WizLab   | Gained mutation: Your natural rate of healing is unusually fast. [a neqoxec]
 50215 | WizLab   | Found a transporter.
 50218 | WizLab   | Gained mutation: You can hurl damnation. [demonic ancestry]
 50218 | WizLab   | Reached XP level 25. HP: 190/214 MP: 36/40
 50795 | WizLab   | Found a transporter.
 50834 | WizLab   | Identified Lehudib's Reference Book on Stones and Transmigration
 51705 | Elf:3    | Got a spiked scale mail
 51706 | Elf:3    | Identified the +7 scale mail "Daent" {Dex+2} (You took it off a deep elf blademaster on level 3 of the Elven Halls)
 51796 | Elf:3    | Got a glittering bone ring
 52034 | Elf:3    | Identified the Compendium of Assistive Ice
 52060 | Elf:3    | Identified the ring "Yffiguca" {rC+ Dex+10} (You took it off a deep elf annihilator on level 3 of the Elven Halls)
 52087 | Elf:3    | Got distressingly furry swamp dragon scales
 52088 | Elf:3    | Identified the cursed +0 swamp dragon scales of the Nightingale {rPois rF- rC- Dex+6} (You found it on level 3 of the Elven Halls)
 53101 | Vaults:5 | Entered Level 5 of the Vaults
 53103 | Vaults:5 | Noticed Jory
 53106 | Vaults:5 | Reached skill level 17 in Conjurations
 53116 | Vaults:5 | Killed Jory
 53118 | Vaults:5 | Noticed an ancient lich
 53126 | Vaults:4 | Killed an ancient lich
 53181 | Vaults:5 | Noticed Glorg's ghost (veteran GrGl)
 53284 | Vaults:5 | Gained mutation: When low on magic, you restore magic in place of health. [demonic ancestry]
 53284 | Vaults:5 | Reached XP level 26. HP: 220/224 MP: 41/41
 53359 | Vaults:5 | Killed Glorg's ghost
 54354 | Vaults:4 | Reached skill level 15 in Dodging
 54473 | Vaults:5 | Reached skill level 15 in Shields
 54953 | Vaults:5 | Got a silver rune of Zot
 55052 | Vaults:5 | Got a steaming steel ring
 55101 | Vaults:5 | Identified the Collected Works on Battle Magic and the Entourage
 55105 | Vaults:5 | Learned a level 1 spell: Apportation
 55109 | Vaults:5 | Learned a level 3 spell: Lesser Beckoning
 55138 | Vaults:5 | Reached skill level 18 in Conjurations
 55340 | Vaults:5 | Identified the Collected Works on the Venomous Compass
 55508 | Vaults:5 | Identified the ring of Curiosity {*Tele *Drain +Inv rN+ Str+7} (You found it on level 5 of the Vaults)
 55965 | Zot:1    | Entered Level 1 of the Realm of Zot
 56169 | Zot:1    | Reached skill level 15 in Armour
 56878 | Zot:2    | Noticed an orb of fire
 56878 | Zot:2    | Lost mutation: Your natural rate of healing is unusually fast. [an orb of fire]
 56885 | Zot:2    | Gained mutation: Potions are less effective at restoring your health. [an orb of fire]
 56887 | Zot:2    | Reached skill level 15 in Spellcasting
 56887 | Zot:2    | Gained mutation: You regenerate a lot of health from kills. [demonic ancestry]
 56887 | Zot:2    | Reached XP level 27. HP: 234/234 MP: 41/42
 56887 | Zot:2    | Lost mutation: You are robust. (+10% HP) [an orb of fire]
 56888 | Zot:2    | Killed an orb of fire
 57627 | Zot:3    | Found a huge runed gate.
 57627 | Zot:3    | Found a huge runed gate.
 57628 | Zot:3    | Found a huge runed gate.
 57628 | Zot:3    | Found a huge runed gate.
 57628 | Zot:3    | Found a huge runed gate.
 57633 | Zot:3    | Found a huge runed gate.
 57638 | Zot:3    | Found a huge runed gate.
 57873 | Zot:3    | Reached skill level 19 in Conjurations
 58205 | Zot:3    | Found a huge runed gate.
 58207 | Zot:3    | Found a huge runed gate.
 58208 | Zot:3    | Found a huge runed gate.
 58209 | Zot:3    | Found a huge runed gate.
 58211 | Zot:3    | Found a huge runed gate.
 58212 | Zot:3    | Found a huge runed gate.
 58213 | Zot:3    | Found a huge runed gate.
 58214 | Zot:3    | Found a huge runed gate.
 58215 | Zot:3    | Found a huge runed gate.
 58216 | Zot:3    | Found a huge runed gate.
 58231 | Zot:3    | Found a huge runed gate.
 58232 | Zot:3    | Found a huge runed gate.
 58234 | Zot:3    | Found a huge runed gate.
 58234 | Zot:3    | Found a huge runed gate.
 58234 | Zot:3    | Found a huge runed gate.
 58235 | Zot:3    | Found a huge runed gate.
 58235 | Zot:3    | Found a huge runed gate.
 58259 | Zot:3    | Found a huge runed gate.
 58259 | Zot:3    | Found a huge runed gate.
 58259 | Zot:3    | Found a huge runed gate.
 58259 | Zot:3    | Found a huge runed gate.
 58259 | Zot:3    | Found a huge runed gate.
 58259 | Zot:3    | Found a huge runed gate.
 58259 | Zot:3    | Found a huge runed gate.
 58260 | Zot:3    | Found a huge runed gate.
 58261 | Zot:3    | Found a huge runed gate.
 58789 | Zot:3    | Noticed an orb of fire
 58789 | Zot:3    | Noticed an ancient lich
 58794 | Zot:3    | Killed an orb of fire
 58804 | Zot:3    | Killed from afar by an ancient lich

Skill      XL: |  1  2  3  4  5  6  7  8  9 10 11 12 13 14 15 16 17 18 19 20 21 22 23 24 25 26 27 |
---------------+----------------------------------------------------------------------------------+-----
Axes           | 2 3 4 5 6 7 8 9 10 12 13 14 15 16 17 18 | 18.6
Fighting       | 4 5 6 7 8 9 10 11 12 13 14 15 16 17 | 17.2
Invocations    | 1 2 3 4 5 7 8 10 11 | 11.1
Dodging        | 1 2 3 4 5 6 7 8 9 10 11 12 13 14 15 | 15.9
Armour         | 3 4 5 6 7 8 9 10 11 12 13 14 15 | 15.7
Shields        | 3 4 5 6 7 8 9 10 11 12 13 14 15 | 15.0
Conjurations   | 2 3 4 5 6 7 8 9 10 11 12 13 14 16 17 18 19 | 19.2
Spellcasting   | 1 3 4 5 6 7 8 9 10 11 12 13 14 15 | 15.4
Earth Magic    | 2 4 5 6 7 8 9 10 11 12 13 14 | 14.0
Translocations | 2 4 5 6 7 8 9 10 11 12 13 14 | 14.0
Evocations     | |  0.8

Action                   |  1- 3 |  4- 6 |  7- 9 | 10-12 | 13-15 | 16-18 | 19-21 | 22-24 | 25-27 || total
-------------------------+-------+-------+-------+-------+-------+-------+-------+-------+-------++-------
Melee: War axe           |   125 |   195 |   403 |   202 |       |       |       |       |   626 ||  1551
       Flail             |       |       |    57 |    10 |       |       |       |       |       ||    67
       Morningstar       |       |       |       |   195 |     8 |       |       |       |       ||   203
       Broad axe         |       |       |       |   166 |   638 |  1393 |  1200 |  1044 |   338 ||  4779
       Kick              |       |       |       |       |       |   210 |   634 |   595 |   629 ||  2068
 Cast: Magic Dart        |       |       |       |     4 |     9 |     4 |       |       |       ||    17
       Stone Arrow       |       |       |       |       |       |   155 |    51 |    80 |     4 ||   290
       Iskenderun's Myst |       |       |       |       |       |     3 |     2 |       |       ||     5
       Iron Shot         |       |       |       |       |       |       |    89 |    99 |    12 ||   200
Invok: Bend Time         |       |       |     8 |     6 |     5 |    17 |     1 |     2 |     1 ||    40
       Temporal Distorti |       |       |       |     4 |       |       |       |     2 |       ||     6
       Slouch            |       |       |       |       |       |     2 |     3 |       |     4 ||     9
 Abil: Blink             |       |       |       |       |       |       |       |     3 |       ||     3
       Hurl Damnation    |       |       |       |       |       |       |       |       |    23 ||    23
Evoke: Wand              |       |       |       |       |     1 |     1 |       |     8 |       ||    10
  Use: Scroll            |     2 |     1 |     3 |    23 |    14 |    13 |     6 |    12 |    20 ||    94
       Potion            |       |     2 |     4 |     2 |    12 |     1 |     1 |     5 |     4 ||    31
 Stab: Invisible         |       |       |     1 |     5 |       |       |       |       |       ||     6
       Paralysed         |       |       |     1 |       |       |       |       |       |       ||     1
       Distracted        |       |       |       |       |       |       |       |       |     2 ||     2
  Eat: Chunk             |     1 |     7 |     8 |    11 |    15 |    27 |    31 |    30 |    24 ||   154
       Fruit             |       |       |       |       |     1 |     1 |       |       |     7 ||     9
Armor: Scale mail        |    57 |   109 |       |       |       |       |       |       |       ||   166
       Chain mail        |       |     7 |   225 |   219 |   231 |   273 |   310 |   222 |       ||  1487
       Plate armour      |       |       |       |    32 |       |       |       |       |       ||    32
       Ring mail         |       |       |       |       |     7 |   234 |       |       |       ||   241
       Gold dragon scale |       |       |       |       |       |       |       |   173 |   357 ||   530
Dodge: Dodged            |    30 |    61 |   111 |   233 |   335 |   948 |   590 |   662 |   550 ||  3520
       Deflected         |       |       |       |       |       |       |       |       |    24 ||    24
Block: Shield            |    62 |   134 |   228 |   384 |   466 |  1849 |   552 |   335 |   850 ||  4860
       Reflection        |       |       |       |       |     4 |    90 |    59 |    74 |    54 ||   281
       Buckler           |       |       |       |       |       |       |   247 |   367 |       ||   614
